[Event "Early-Titled-Tuesday-Blitz-January-16-2024"]
[Site "Chess.com"]
[Date "2024.01.16"]
[Round "2"]
[White "isaks"]
[Black "starworld123"]
[Result "0-1"]
[WhiteElo "2404"]
[BlackElo "2828"]
[TimeControl "180+1"]
[EndTime "8:19:28 PST"]
[Termination "starworld123 won by resignation"]

1. e4 c5 2. Nf3 e6 3. b3 d6 4. Bb2 Nf6 5. e5 dxe5 6. Nxe5 Nbd7 7. f4 Bd6 8. Bb5 a6 9. Bxd7+ Bxd7 10. d3 O-O 11. Nd2 Qc7 12. O-O Nd5 13. Ndc4 Be7 14.
Qf3 f6 15. Nxd7 Qxd7 16. Rae1 b5 17. Ne3 Rae8 18. f5 Nxe3 19. fxe6 Qxe6 20. Rxe3 Qd7 21. Rfe1 c4 22. bxc4 Bc5 23. d4 Bxd4 24. Bxd4 Qxd4 25. cxb5 axb5 26. Qf2 Rxe3 27. Qxe3 Qc4 28. Qb3 Rc8 29. a4 Qxb3 30. cxb3 Rc3 31. axb5 Rxb3 32. Re8+ Kf7 33. Rb8 Kg6 34. h3 Rb2 35. Kh2 h5 36. Rb7 h4 37. b6 Kh6 38. Kg1 g6 39. Rb8 Kg5 40.
Kf1 Kf5 41. b7 g5 42. Kg1 Kf4 43. Kf1 Kg3 44. Rf8 Rb1+ 45. Ke2 Rxb7 46. Rxf6 Kxg2 47. Rf5 Re7+ 48. Kd3 Rg7 49. Ke4 Kxh3 50. Rf1 g4 51. Rh1+ Kg2 52. Rxh4 g3 53. Kf4 Kf2 54. Rh1 g2 55. Rh2 Kf1 0-1

[Event "Early-Titled-Tuesday-Blitz-January-16-2024"]
[Site "Chess.com"]
[Date "2024.01.16"]
[Round "2"]
[White "iwanyu"]
[Black "Msb2"]
[Result "1/2-1/2"]
[WhiteElo "2662"]
[BlackElo "3059"]
[TimeControl "180+1"]
[EndTime "8:19:31 PST"]
[Termination "Game drawn by repetition"]

1. d4 d5 2. c4 e6 3. Nf3 Nf6 4. g3 Nc6 5. Nbd2 Bd6 6. Bg2 O-O 7. O-O a5 8. a3 a4 9. Qc2 Bd7 10. e4 dxe4 11. Nxe4 Nxe4 12. Qxe4 Na5 13. Ng5 f5 14.
Qe2 Nb3 15. Nxe6 Qe8 16. Bd5 Kh8 17. c5 Nxa1 18. cxd6 cxd6 19. Re1 Bxe6 20. Bxe6 Nb3 21. d5 Nd4 22. Qd3 Nxe6 23. dxe6 Qe7 24. Qd5 Rac8 25. Bf4 Rc6 26. h4 h6 27. Be3 Rc2 28. Bd4 f4 29. Qe4 Rc6 30. Qg6 Kg8 31. g4 f3 32. g5 hxg5 33. h5 Rcc8 34. h6 Rf6 35.
h7+ Kh8 36. Qxg5 Kxh7 37. Bxf6 Qxf6 38. Qxf6 gxf6 39. e7 Re8 40. Re6 Kg6 41. Kf1 Kf5 42. Re3 Kg6 43. Rxf3 Rxe7 44. Rf4 b5 45. Rd4 Re6 46. Rd5 Re5 47. Rxd6 Rc5 48. Rd4 Kf5 49.
Rb4 Ke5 50. Ke2 Kd5 51. Kd3 Kc6 52. Rf4 f5 53. Rh4 Rc1 54. Rh6+ Kd5 55. Rb6 Rc5 56. Rf6 Ke5 57. Rf8 Rd5+ 58. Ke3 Rc5 59. f4+ Ke6 60. Re8+ Kf6 61. Rd8 Rc2 62. Rd6+ Ke7 63. Rd2 Rxd2 64. Kxd2 Kd6 65. Kc2 Kc6 66. Kd2 Kd6 67. Kc2 Kc6 68. Kd2 Kd6 1/2-1/2

[Event "Early-Titled-Tuesday-Blitz-January-16-2024"]
[Site "Chess.com"]
[Date "2024.01.16"]
[Round "2"]
[White "C_K_G"]
[Black "KNVB"]
[Result "0-1"]
[WhiteElo "2045"]
[BlackElo "2685"]
[TimeControl "180+1"]
[EndTime "8:19:31 PST"]
[Termination "KNVB won on time"]

1. e4 c5 2. Nf3 e6 3. d4 cxd4 4. Nxd4 Nc6 5. Be3 Qc7 6. c4 a6 7.
Nd2 Nf6 8. Be2 Nxd4 9. Bxd4 e5 10. Bc3 d6 11. O-O Be7 12. b4 O-O 13. Qc2 Be6 14.
a4 Rac8 15. h3 b5 16. axb5 axb5 17. Rfb1 bxc4 18. b5 Qb7 19. b6 Ra8 20. Rxa8 Rxa8 21. Bxc4 Bxc4 22. Nxc4 Qxe4 23. b7 Rb8 24. Qxe4 Nxe4 25.
Na5 Nxc3 26. Nc6 Rxb7 27. Rxb7 Bf8 28. Rb8 g6 29. Ne7+ Kg7 30. Rc8 Bxe7 31. Rxc3 Kf6 32. Kf1 Ke6 33. Ke2 h5 34. f3 Bg5 35. Rc7 h4 36. Kd3 Bf4 37. Ra7 f6 38. Ra6 Bg3 39.
Ke4 Bf2 40. Ra8 d5+ 41. Kd3 Kf5 42. Rd8 d4 43. Rg8 g5 44. Re8 Be3 45. Kc4 Kf4 46. Kd3 Kg3 47. Ke4 Kxg2 48. Rf8 Kxh3 49. Rxf6 Kg3 50.
Rh6 Bf4 51. Rh7 h3 52. Rh8 Kg2 53. Ra8 h2 54. Ra2+ Kh3 55. Ra1 Be3 56. f4 Bg1 57. Ra3+ Kg4 0-1

[Event "Early-Titled-Tuesday-Blitz-January-16-2024"]
[Site "Chess.com"]
[Date "2024.01.16"]
[Round "2"]
[White "VladimirKramnik"]
[Black "HalfIsCrayfish"]
[Result "1/2-1/2"]
[WhiteElo "2942"]
[BlackElo "2618"]
[TimeControl "180+1"]
[EndTime "8:19:32 PST"]
[Termination "Game drawn by stalemate"]

1. e4 c6 2. d4 d5 3. Nd2 dxe4 4. Nxe4 Bf5 5. Ng3 Bg6 6. h4 h6 7.
Be3 e6 8. h5 Bh7 9. Bd3 Bxd3 10. Qxd3 Nf6 11. O-O-O Nbd7 12. Kb1 Bd6 13. Ne4 Nxe4 14.
Qxe4 Nf6 15. Qf3 Qc7 16. Ne2 O-O-O 17. c4 c5 18. Nc3 a6 19. Na4 cxd4 20. Bxd4 Be5 21.
Bb6 Rxd1+ 22. Rxd1 Qc6 23. Qxc6+ bxc6 24. Ba5 Bc7 25. Bxc7 Kxc7 26. Nc5 Kb6 27. b4 a5 28. a3 axb4 29. axb4 Kc7 30. f3 Rd8 31. Rxd8 Kxd8 32. g4 Ke7 33. Kc2 g6 34. Ne4 Nxe4 35. fxe4 gxh5 36.
gxh5 Kd6 37. Kd3 Ke5 38. Ke3 f6 39. Kd3 Kd6 40. Ke3 Ke5 41. b5 cxb5 42. cxb5 Kd6 43. Kd4 Kd7 44. Kc5 Kc7 45. b6+ Kd7 46. Kb5 f5 47.
exf5 exf5 48. Kc5 f4 49. Kd4 f3 50. Ke3 Kc6 51. Kxf3 Kxb6 52. Ke4 Kc6 53. Kf5 Kd6 54. Kf6 Kd7 55. Kf7 Kd6 56. Kf6 Kd7 57. Kg7 Ke7 58. Kxh6 Kf6 59. Kh7 Kf7 60. Kh6 Kg8 61. Kg6 Kh8 62. Kf6 Kg8 63. Ke5 Kh8 64. Kf5 Kg8 65. Kg5 Kh8 66. h6 Kg8 67. h7+ Kh8 68. Kh6 1/2-1/2

[Event "Early-Titled-Tuesday-Blitz-January-16-2024"]
[Site "Chess.com"]
[Date "2024.01.16"]
[Round "2"]
[White "Kiborg95"]
[Black "Nouali_Mohamed"]
[Result "1-0"]
[WhiteElo "2872"]
[BlackElo "2580"]
[TimeControl "180+1"]
[EndTime "8:19:33 PST"]
[Termination "Kiborg95 won on time"]

1. e4 c5 2. Nc3 Nc6 3. Nge2 g6 4.
d4 cxd4 5. Nxd4 Bg7 6. Be3 Nf6 7.
Bc4 O-O 8. Bb3 d6 9. f3 Bd7 10. h4 h5 11. Qd2 Rc8 12. O-O-O Ne5 13. Kb1 b5 14. Ndxb5 Nc4 15. Bxc4 Rxc4 16. b3 Rc8 17. Nxa7 Rxc3 18. Qxc3 Nxe4 19. Qxg7+ Kxg7 20. fxe4 Qa5 21. Rd5 Qa6 22. a4 e6 23. Rd2 Ra8 24. Rhd1 d5 25. exd5 Rxa7 26. dxe6 Bxe6 27. Rd6 Qb7 28. Bxa7 Qxa7 29. Kb2 Qf2 30. a5 Bf5 31. R1d2 Qxh4 32. a6 Qe7 33. b4 Qe4 34. Kb3 Be6+ 35. Ka4 Qe1 36. Ka5 Qa1+ 37. Kb6 Qa4 38. R6d4 Bc8 39. b5 Qa2 40. Rd8 Qe6+ 41. R2d6 Qe3+ 42. Kc7 Qc5+ 43. Rc6 Qxb5 44. Rxc8 Qa5+ 45. Kb7 Qb5+ 46. Rb6 Qd5+ 47. Kb8 Qe5+ 48. Rc7 Qe8+ 49. Ka7 Qe3 50. c4 h4 51. c5 g5 52. Kb7 Qe4+ 53. c6 g4 54. a7 h3 55. gxh3 g3 56. a8=Q g2 57. Qa1+ 1-0

[Event "Early-Titled-Tuesday-Blitz-January-16-2024"]
[Site "Chess.com"]
[Date "2024.01.16"]
[Round "2"]
[White "Louis-Paulsen-Fan"]
[Black "GothamChess"]
[Result "0-1"]
[WhiteElo "2309"]
[BlackElo "2715"]
[TimeControl "180+1"]
[EndTime "8:19:33 PST"]
[Termination "GothamChess won on time"]

1. d4 g6 2. Nf3 Bg7 3. c4 d6 4. Nc3 Bg4 5. d5 e5 6. dxe6 Bxe6 7. e4 Nc6 8. Be2 Nf6 9. O-O O-O 10. h3 Re8 11. Be3 h6 12. Nd4 Bd7 13. f3 Nh5 14.
Nd5 Ng3 15. Re1 Ne5 16. Bf2 Nxe2+ 17. Qxe2 c6 18. Nc3 f5 19. exf5 gxf5 20. Qc2 Qf6 21. Rad1 Rad8 22. f4 Nxc4 23. Nf3 Rb8 24. Bd4 Qg6 25.
Bxg7 Kxg7 26. Qf2 c5 27. Nd5 Bc6 28. Nc7 Rxe1+ 29. Rxe1 Kh7 30. Re7+ Kh8 31. Qe2 Rg8 32. Re6 Qg7 33. Ne8 Bxe8 34. Rxe8 Rxe8 35. Qxe8+ Qg8 36. Qd7 Qg7 37. Qxf5 Ne3 38. Qc8+ Kh7 39. Kf2 Nd1+ 40. Ke2 Nxb2 41. Qf5+ Qg6 42. Qd7+ Qg7 43. Qxd6 Nc4 44. Qxc5 Qxg2+ 45. Kd3 Qxf3+ 46. Kxc4 Qxf4+ 47. Kb3 Qf3+ 48. Kb2 Qg2+ 49. Kb1 Qf1+ 50. Kb2 Qe2+ 51. Kb1 Qd3+ 52. Kb2 Qd2+ 53. Kb1 Qd1+ 54. Kb2 Qe2+ 55. Kb1 Qe4+ 56. Kb2 a6 57. Qc7+ Kg6 58. Qd6+ Kg5 59. Qd8+ Kh5 60. Qc7 Kh4 61. Qc8 h5 0-1

[Event "Early-Titled-Tuesday-Blitz-January-16-2024"]
[Site "Chess.com"]
[Date "2024.01.16"]
[Round "2"]
[White "MusicCityMaster"]
[Black "DonJuanEGenaro"]
[Result "1/2-1/2"]
[WhiteElo "2424"]
[BlackElo "1869"]
[TimeControl "180+1"]
[EndTime "8:19:35 PST"]
[Termination "Game drawn - insufficient material"]

1. d4 Nf6 2. c4 c5 3. d5 e6 4. Nc3 exd5 5. cxd5 d6 6. Nf3 g6 7. Nd2 a6 8. a4 Bg7 9. Nc4 O-O 10. Bg5 h6 11.
Bf4 Ne8 12. e3 b6 13. Bd3 Ra7 14. h4 Rb7 15. h5 g5 16. Bg3 b5 17. axb5 axb5 18. Na5 Ra7 19. Nc6 Nxc6 20. dxc6 Rxa1 21. Qxa1 Bxc3+ 22. bxc3 Qb6 23. Qa8 Nc7 24. Qa2 Qxc6 25. O-O c4 26. Bb1 Qd5 27. Qc2 f5 28. Rd1 Qf7 29.
Bxd6 Rd8 30. Be5 Rxd1+ 31. Qxd1 Qd5 32. Qd4 Qxd4 33. exd4 Nd5 34. Bc2 Nxc3 35. f3 b4 36. Bd6 b3 37. Bxb3 cxb3 38. Ba3 Be6 39. Kf2 Na4 40.
Ke3 b2 41. Bxb2 Nxb2 42. g3 Nc4+ 43. Kd3 Bd5 44. f4 gxf4 45. gxf4 Kf7 46. Kc3 Nd6 47. Kb4 Bf3 48. Kc5 Ke7 49. d5 Bxh5 50. Kd4 Bf3 51. Ke5 Bxd5 52. Kxd5 Ne4 53. Ke5 Ng3 54. Kd5 Kf6 55. Kd4 h5 56. Ke3 Ne4 57. Kf3 Ke6 58. Ke3 h4 59. Kf3 Kd5 60. Ke3 Nf6 61. Kf3 Kd4 62.
Kg2 Ke4 63. Kh3 Kxf4 64. Kxh4 Ng4 65. Kh3 Kf3 66. Kh4 f4 67. Kg5 Ne3 68. Kf6 Kg3 69. Ke5 f3 70. Ke4 f2 71. Kxe3 f1=Q 72. Ke4 Qc4+ 73.
Ke5 Qd4+ 74. Kxd4 1/2-1/2

[Event "Early-Titled-Tuesday-Blitz-January-16-2024"]
[Site "Chess.com"]
[Date "2024.01.16"]
[Round "2"]
[White "YurasovMat-2012"]
[Black "maciek_92"]
[Result "1-0"]
[WhiteElo "2594"]
[BlackElo "2851"]
[TimeControl "180+1"]
[EndTime "8:19:37 PST"]
[Termination "YurasovMat-2012 won by checkmate"]

1. e4 c5 2. Nf3 e6 3. g3 Nc6 4. Bg2 Nf6 5. d3 e5 6. O-O Be7 7. h3 O-O 8. Re1 Re8 9. c3 h6 10. d4 d6 11. Na3 Bf8 12. dxc5 dxc5 13. Qe2 Be6 14. Nd2 a6 15. Rd1 Qc7 16. Ndc4 Rad8 17. Ne3 Rxd1+ 18. Qxd1 Rd8 19. Nd5 Bxd5 20. exd5 Ne7 21. c4 Nf5 22. Nc2 b5 23. b3 Nd4 24.
Bb2 Ne8 25. Rc1 bxc4 26. bxc4 Nd6 27. Qd3 g6 28. Nxd4 exd4 29. Re1 Qa5 30. Re2 Qa4 31. Rc2 Re8 32. Bc1 Nf5 33. Be4 Nd6 34. Bf3 Re1+ 35. Kg2 Nf5 36. Be4 Nd6 37. Bf3 h5 38.
Bf4 Qb4 39. Bd2 Qb1 40. Bxe1 Qxe1 41. Rb2 Bg7 42. Rb6 Qc3 43. Qe2 d3 44. Qd1 Nxc4 45.
Rb3 Qc2 46. Rxd3 Qxa2 47. d6 Bd4 48. Rxd4 Ne3+ 49. Kg1 Nxd1 50. Rxd1 Qa5 51. d7 Qd8 52. Bc6 Kg7 53. Re1 Qb6 54. Re8 Qxc6 55. d8=Q Qb5 56. Re1 c4 57. Qd4+ Kg8 58. Rc1 Qb3 59. Qxc4 Qb2 60. Qc3 Qb5 61. Rd1 a5 62. Rd8+ Kh7 63.
Rh8# 1-0

[Event "Early-Titled-Tuesday-Blitz-January-16-2024"]
[Site "Chess.com"]
[Date "2024.01.16"]
[Round "2"]
[White "I_am_Javi"]
[Black "Maus7"]
[Result "0-1"]
[WhiteElo "2764"]
[BlackElo "2515"]
[TimeControl "180+1"]
[EndTime "8:19:37 PST"]
[Termination "Maus7 won on time"]

1. e4 e5 2. Nf3 Nc6 3. d4 exd4 4. Bc4 Bc5 5. O-O d6 6. c3 Bg4 7.
Qb3 Bxf3 8. gxf3 Ne5 9. Be2 d3 10. Bd1 Ne7 11. f4 Nd7 12. Qxb7 Rb8 13. Qa6 f5 14.
Qc4 fxe4 15. Qe6 Nf6 16. b4 Bb6 17. Ba4+ Kf8 18. Be3 Ned5 19. Bxb6 axb6 20. Qf5 Qc8 21. Qxc8+ Rxc8 22. Nd2 Nxc3 23. Bb3 d5 24. Kh1 d4 25. Rae1 Re8 26. f5 g6 27. Be6 gxf5 28. Bxf5 Re5 29. Bh3 Rh5 30. Bg2 Rh4 31. f4 e3 32. Nf3 d2 33. Nxh4 dxe1=Q 34. Rxe1 Kf7 35. Nf5 c5 36.
bxc5 bxc5 37. Nd6+ Kg7 38. Nf5+ Kf7 39. Nd6+ Ke6 40.
Nc4 Kf5 41. a4 Nce4 42. a5 Ra8 43. Nd6+ Kxf4 44. Rf1+ Nf2+ 45. Kg1 Rxa5 46. Nc4 Ra2 47. Nd6 d3 48. Nc4 Kg5 49. Nxe3 N2g4 50. Rf5+ Kg6 51. Rf3 Ra1+ 52. Nf1 d2 53. Rd3 d1=Q 54. Rxd1 Rxd1 55. Bf3 Rc1 56. h3 Ne5 57. Be2 c4 58. Kf2 Kg5 59.
Nd2 c3 60. Nb3 Ne4+ 61. Ke3 Rb1 62. Nd4 Nc5 63. Nc2 Rc1 64. Nd4 h5 0-1

[Event "Early-Titled-Tuesday-Blitz-January-16-2024"]
[Site "Chess.com"]
[Date "2024.01.16"]
[Round "2"]
[White "vasblesk"]
[Black "InitiatingASC"]
[Result "1-0"]
[WhiteElo "2789"]
[BlackElo "2420"]
[TimeControl "180+1"]
[EndTime "8:19:37 PST"]
[Termination "vasblesk won by resignation"]

1. d4 d5 2. c4 e6 3. Nf3 c5 4. cxd5 exd5 5. g3 Nc6 6. Bg2 Nf6 7. O-O Be7 8. Nc3 c4 9. Ne5 O-O 10. Nxc6 bxc6 11. b3 Qa5 12. Na4 Ba6 13. Bd2 Qc7 14. Nc5 Bxc5 15. dxc5 Rfe8 16. bxc4 Bxc4 17. Re1 Ne4 18. Be3 Qa5 19. Bf3 Nxc5 20. Rc1 Ne4 21. Bd4 Qxa2 22. Ra1 Qd2 23. Bxe4 Qxd1 24. Rexd1 Rxe4 25. e3 a5 26. Rdb1 Bb5 27. Ra3 f6 28. Rba1 a4 29. Rb1 Rae8 30. Ra2 Kf7 31. Rc1 g5 32. h3 h5 33. f3 R4e6 34. Kf2 Kg6 35. Ra3 Kf7 36.
Ra2 f5 37. Rcc2 Rg8 38. Rcb2 Ke7 39. Bc5+ Kd7 40. Rb4 g4 41. hxg4 hxg4 42. Rf4 Rh6 43. Raxa4 Bxa4 44. Rxa4 gxf3 45. Kxf3 Rc8 46. Ra7+ Rc7 47.
Ra8 Re6 48. Rf8 Re4 49. Rxf5 Rc8 50. Rf7+ Ke8 51. Rf8+ Kd7 52. Rf7+ Kd8 53. Rf8+ Kc7 54. Rf7+ Kb8 55. Ba7+ Ka8 56. Bc5 Rce8 57. g4 Kb8 58. g5 R4e6 59. Kf4 Rg6 60. Rf6 Reg8 61. Rxg6 Rxg6 62. Kf5 Rg8 63. g6 Kc8 64. Kf6 Kd7 65. Kf7 Re8 66. g7 Rc8 67. Bf8 1-0

[Event "Early-Titled-Tuesday-Blitz-January-16-2024"]
[Site "Chess.com"]
[Date "2024.01.16"]
[Round "2"]
[White "AlbusSevresPotter"]
[Black "Zohid6"]
[Result "1-0"]
[WhiteElo "2542"]
[BlackElo "2816"]
[TimeControl "180+1"]
[EndTime "8:19:38 PST"]
[Termination "AlbusSevresPotter won by checkmate"]

1. e4 e5 2. Nf3 Nf6 3. Nxe5 d6 4. Nf3 Nxe4 5. Nc3 Nxc3 6. dxc3 Be7 7. Bf4 O-O 8. Qd2 Nd7 9. O-O-O Nf6 10. Bc4 d5 11. Bb3 c6 12. Rhe1 Ne4 13. Qe2 a5 14. a3 a4 15. Ba2 Qb6 16. Be3 Qa5 17. c4 b6 18.
Nd4 Bxa3 19. bxa3 Qc3 20. Kb1 Qxa3 21. Rd3 Qb4+ 22. Ka1 dxc4 23. Rdd1 Qc3+ 24. Kb1 a3 25. Bc1 Qb4+ 26. Ka1 Ra4 27. Nxc6 Qc3+ 28. Kb1 Bf5 29. Qe3 Qf6 30. Qd4 Nc3+ 31. Ka1 Nxd1 32. Qxf6 gxf6 33. Ne7+ Kh8 34. Nxf5 Nc3 35. Bh6 Rg8 36. Re3 Nxa2 37. Kxa2 Ra5 38. g4 Rb5 39. Rxa3 Re5 40. h3 Re2 41. Be3 Rxc2+ 42. Kb1 Re2 43. Bd4 Re6 44. Ra7 Rf8 45. Ne3 b5 46. Nd5 Kg7 47. Nxf6 Kg6 48. Nh5 Re1+ 49. Kc2 Rd8 50. Be3 b4 51. Ra6+ f6 52.
Rxf6# 1-0

[Event "Early-Titled-Tuesday-Blitz-January-16-2024"]
[Site "Chess.com"]
[Date "2024.01.16"]
[Round "2"]
[White "platy3"]
[Black "ozates"]
[Result "1-0"]
[WhiteElo "2881"]
[BlackElo "2589"]
[TimeControl "180+1"]
[EndTime "8:19:39 PST"]
[Termination "platy3 won on time"]

1. e4 c5 2. Nf3 Nc6 3. d4 cxd4 4.
Nxd4 e5 5. Nb5 d6 6. N1c3 a6 7. Na3 Be6 8. Nd5 Nf6 9. Bg5 Qa5+ 10. Bd2 Qd8 11. Nxf6+ Qxf6 12. Nc4 d5 13. exd5 Bxd5 14. c3 Rd8 15. Qc2 Bc5 16. Be3 Bxe3 17. Nxe3 Be6 18. Bd3 g6 19. O-O O-O 20. Rad1 Qg5 21. Bc4 Bh3 22. Bd5 Kg7 23. Kh1 Bd7 24. Nc4 Bf5 25.
Qe2 Rfe8 26. Bxc6 bxc6 27. Nd6 Re6 28. Nxf5+ gxf5 29. Rxd8 Qxd8 30. Qxa6 Qd2 31. Qb6 Rd6 32. Kg1 f4 33. Qc5 Rd5 34. Qxc6 f3 35. gxf3 e4 36. Kh1 exf3 37. Rg1+ Rg5 38. Qxf3 Rxg1+ 39. Kxg1 Qc1+ 40.
Kg2 Qxb2 41. a4 Qa2 42. Qe4 Qb3 43. a5 Qxc3 44. a6 Qa5 45. Qb7 Qg5+ 46. Kf3 Qf5+ 47. Ke3 Qe5+ 48. Kd3 Qf5+ 49. Kc3 Qe5+ 50. Kc4 Qe6+ 51.
Kb5 Qb3+ 52. Kc6 Qf3+ 53. Kc7 Qf4+ 54. Kc8 Qf5+ 55. Kb8 Qe5+ 56. Ka8 Qe8+ 57. Ka7 Qe5 58. Qc6 Qd4+ 59. Kb7 Qb4+ 60. Kc8 Qf8+ 61. Kd7 Qb8 62.
Qc5 1-0

[Event "Early-Titled-Tuesday-Blitz-January-16-2024"]
[Site "Chess.com"]
[Date "2024.01.16"]
[Round "2"]
[White "nindjaxx8"]
[Black "Durarbayli"]
[Result "0-1"]
[WhiteElo "2565"]
[BlackElo "2837"]
[TimeControl "180+1"]
[EndTime "8:19:39 PST"]
[Termination "Durarbayli won by checkmate"]

1. d4 Nf6 2. c4 e6 3. Nc3 Bb4 4. Qc2 d5 5. cxd5 exd5 6. Bg5 c5 7. e3 cxd4 8. exd4 O-O 9. Be2 Nc6 10. Nf3 Bg4 11.
Rd1 h6 12. Bh4 Bxf3 13. Bxf3 Re8+ 14. Be2 g5 15. Bg3 Qb6 16. Qd3 Bxc3+ 17. bxc3 Qb2 18. f3 h5 19. h4 gxh4 20. Bxh4 Rxe2+ 21. Qxe2 Re8 22. Qxe8+ Nxe8 23. O-O Qxc3 24. Rfe1 Ng7 25. Bf6 Ne6 26. Kh2 Kh7 27. Rb1 Kg6 28. Bh8 Ncxd4 29. Be5 Qd2 30. Rbd1 Nxf3+ 31. Kg3 Qxe1+ 32. Rxe1 Nxe1 33. Bd4 Nxd4 34. Kh2 Ne2 35. Kh3 d4 36. Kh2 d3 37. Kh3 d2 38.
Kh2 d1=N 39. Kh3 a5 40. Kh2 b5 41. Kh3 a4 42. Kh2 a3 43. Kh3 Ndc3 44. Kh2 Kg5 45. Kh3 Nxa2 46. Kh2 Nac1 47. Kh3 a2 48. Kh2 a1=N 49.
Kh3 b4 50. Kh2 b3 51. Kh3 b2 52. Kh2 b1=N 53. Kh3 f5 54. Kh2 Kg4 55. Kh1 Nec3 56. Kh2 Kh4 57. Kh1 Kg3 58. Kg1 Nxg2 59. Kf1 Ne3+ 60.
Ke1 Nec2+ 61. Kf1 h4 62. Kg1 h3 63. Kf1 Kg4 64. Kg1 Nab3 65. Kf1 Nba3 66. Kg1 Nc4 67.
Kf1 Nc5 68. Kf2 N1b3 69. Kf1 Nb4 70. Kf2 Nba5 71. Kf1 Nbc6 72. Ke1 Nab7 73. Kf1 Kg3 74. Ke1 h2 75. Kf1 h1=N 76. Ke1 Nf2 77. Kf1 Nfe4 78.
Ke1 Nf6 79. Kf1 Ne8 80. Ke1 Nc7 81. Kf1 Nbd6 82. Ke1 Nc8 83. Kf1 N3b5 84. Ke1 Nbd6 85. Kf1 f4 86. Ke1 Kg2 87. Kd1 f3 88. Kc1 f2 89.
Kb1 f1=N 90. Ka1 Nfe3 91. Kb1 Nd3 92. Ka1 Ndb5 93. Kb1 Nbd4 94. Ka1 Ncb4 95. Kb1 Ncd5 96. Ka1 N8d6 97. Kb1 N6b5 98. Ka1 Kf2 99. Kb1 Ke2 100. Ka1 Nec2+ 101. Kb1 Ndc3# 0-1

[Event "Early-Titled-Tuesday-Blitz-January-16-2024"]
[Site "Chess.com"]
[Date "2024.01.16"]
[Round "2"]
[White "kidagent"]
[Black "koncheto"]
[Result "0-1"]
[WhiteElo "2251"]
[BlackElo "2593"]
[TimeControl "180+1"]
[EndTime "8:19:39 PST"]
[Termination "koncheto won by checkmate"]

1. c4 Nf6 2. g3 e6 3. Bg2 c5 4. Nf3 Nc6 5. O-O d5 6. cxd5 Nxd5 7. d4 Be7 8. Nc3 Nxc3 9. bxc3 O-O 10. Rb1 Bf6 11.
dxc5 Qa5 12. Qb3 Qxc5 13. Ba3 Qxc3 14. Qxc3 Bxc3 15. Bxf8 Kxf8 16. Rfc1 Bf6 17. e3 e5 18. Nd2 Nd8 19. Ne4 Bf5 20. Rc7 Rb8 21. Nxf6 gxf6 22. Rb2 b5 23. Bd5 a5 24. Rc5 Bd7 25.
a4 b4 26. Rxa5 Nc6 27. Rb5 Rc8 28. a5 Ne7 29. Rb7 Bh3 30. f3 Nxd5 31. Kf2 Rc1 32. e4 Nc3 33. R2xb4 Ra1 34. a6 Rxa6 35. Rc4 Na2 36.
Rc8+ Kg7 37. Rcc7 Be6 38. f4 exf4 39. gxf4 Ra4 40. f5 Bc4 41. Kf3 Nc1 42. Rb1 Nd3 43.
Kg4 Ne5+ 44. Kh4 Bd3 45. Re1 Bxe4 46. Kg3 Bxf5 47. Rc5 Bg6 48. Rcxe5 fxe5 49. Rxe5 h5 50. h4 Rg4+ 51. Kh3 Kf6 52. Ra5 Bf5 53. Ra6+ Be6 54. Kh2 Rxh4+ 55. Kg3 Rd4 56. Kf3 Kg5 57. Ra5+ Rd5 58. Ra3 Bf5 59. Kg2 Rd2+ 60. Kg1 Kg4 61. Ra4+ Kg3 62. Ra3+ Bd3 63. Ra1 Rb2 64. Rd1 Rb1 65. Rxb1 Bxb1 66. Kh1 f5 67. Kg1 f4 68.
Kh1 f3 69. Kg1 f2+ 70. Kh1 Be4# 0-1

[Event "Early-Titled-Tuesday-Blitz-January-16-2024"]
[Site "Chess.com"]
[Date "2024.01.16"]
[Round "2"]
[White "goodwilll"]
[Black "BilodeauA"]
[Result "0-1"]
[WhiteElo "2416"]
[BlackElo "2908"]
[TimeControl "180+1"]
[EndTime "8:19:39 PST"]
[Termination "BilodeauA won on time"]

1. e4 e5 2. Nf3 Nc6 3. Bb5 a6 4. Ba4 d6 5. O-O Bd7 6. c4 Nf6 7. Nc3 Bg4 8. h3 Bxf3 9. Qxf3 Nd7 10. Bxc6 bxc6 11. d3 g6 12. Be3 c5 13. Qe2 Bg7 14.
f4 exf4 15. Bxf4 O-O 16. Nd5 Ne5 17. Kh1 c6 18. Ne3 h5 19. Rf2 Rb8 20. Rb1 a5 21. Bh2 Rb7 22. Nd1 Qe7 23. Nc3 Qe6 24. Qc2 Nd7 25.
Ne2 Rfb8 26. b3 a4 27. Nf4 Qe7 28. Rff1 axb3 29. Rxb3 Rxb3 30. axb3 Nf8 31. Ne2 Ne6 32. Qa2 h4 33. Nf4 Nd4 34. Rb1 Be5 35. Ne2 Ne6 36. Qa6 Qe8 37. Bxe5 dxe5 38. Qa7 Kg7 39. Ng1 Ra8 40. Qb7 Nd4 41. Qc7 Qe6 42. b4 cxb4 43. Qb7 Ra2 44. Qxb4 Qf6 45. Qe1 Ne2 46. Nxe2 Qg5 47.
Qf1 Qe3 48. Ng1 Rf2 49. Qe1 Qg3 50. Qxf2 Qxf2 51. Rb7 Qf1 52. Rd7 Kf8 53. Rd6 Ke7 54.
c5 f5 55. exf5 gxf5 56. Rxc6 Qxd3 57. Rh6 e4 58. c6 Qc2 59. Rxh4 Qxc6 60. Ne2 Qc2 61. Nf4 Qf2 62. Rh7+ Kf6 63. Nd5+ Ke5 0-1

[Event "Early-Titled-Tuesday-Blitz-January-16-2024"]
[Site "Chess.com"]
[Date "2024.01.16"]
[Round "2"]
[White "GrigorGrigorov"]
[Black "RojonR"]
[Result "1-0"]
[WhiteElo "2940"]
[BlackElo "2609"]
[TimeControl "180+1"]
[EndTime "8:19:40 PST"]
[Termination "GrigorGrigorov won by resignation"]

1. Nf3 d5 2. g3 Nc6 3. d4 Bf5 4.
Bg2 Nb4 5. Na3 e6 6. O-O h6 7. Ne5 Nf6 8. c3 Na6 9. c4 Bxa3 10. Qa4+ Nd7 11. Nxd7 Qxd7 12. Qxa3 c6 13. cxd5 exd5 14.
Bf4 Nc7 15. Qe3+ Ne6 16. h4 O-O 17. Qd2 Nxf4 18. Qxf4 Rfe8 19. Rfe1 Be4 20. Bf1 a5 21. Rac1 a4 22. a3 Qe7 23. Rc3 g5 24. Qg4 Qe6 25.
Qh5 Qg6 26. Qxg6+ Bxg6 27. hxg5 hxg5 28. e3 Kg7 29. Bg2 f5 30. Rec1 Ra6 31. Rd1 Rb6 32.
Rd2 Ra8 33. Bf3 Kf6 34. Bd1 Bf7 35. f4 g4 36. Rh2 Kg7 37. Rcc2 Rb3 38. Rce2 Rd3 39.
Bc2 Rb3 40. Bxb3 axb3 41. Rh4 Re8 42. Kf2 Re6 43. Ke1 Bg6 44. Kd2 b6 45. Reh2 Re8 46.
Rh1 c5 47. Rc1 c4 48. Re1 b5 49. Kc3 Ra8 50. Kb4 Rb8 51. Rh2 Kf6 52. Kc5 Kg7 53.
Kxd5 b4 54. axb4 c3 55. bxc3 Bf7+ 56. Kc5 Rc8+ 57. Kd6 Rxc3 58. b5 b2 59. Rxb2 1-0

[Event "Early-Titled-Tuesday-Blitz-January-16-2024"]
[Site "Chess.com"]
[Date "2024.01.16"]
[Round "2"]
[White "hongnhung1234"]
[Black "HamedWafa4"]
[Result "1/2-1/2"]
[WhiteElo "2582"]
[BlackElo "2856"]
[TimeControl "180+1"]
[EndTime "8:19:40 PST"]
[Termination "Game drawn by repetition"]

1. e4 e5 2. Nf3 Nc6 3. d4 exd4 4.
Nxd4 Bc5 5. Be3 Nxd4 6. Bxd4 Bxd4 7. Qxd4 Qf6 8. e5 Qb6 9. Qxb6 axb6 10. Nc3 f6 11. Nd5 Kd8 12. exf6 Nxf6 13. Nxf6 gxf6 14.
Bc4 c6 15. O-O-O d5 16. a3 b5 17. Bd3 Be6 18. Rhe1 Kd7 19. Re3 Rae8 20. Rde1 Kd6 21. Rf3 Ref8 22. Rfe3 Bd7 23. Re7 Re8 24. Rxe8 Bxe8 25. Bxh7 Bd7 26. Bd3 Rxh2 27. Rg1 c5 28.
c3 Bc6 29. Kd2 d4 30. cxd4 cxd4 31. Bf1 f5 32. Kd3 Ke5 33. f4+ Kxf4 34. Kxd4 Kg3 35.
Bd3 f4 36. Be4 Rh6 37. Bxc6 Rxc6 38. Rf1 Rc2 39. Rf3+ Kg4 40. Rb3 Rxg2 41. Rxb5 f3 42.
Rxb7 Rd2+ 43. Ke3 Re2+ 44. Kd3 Re5 45. Rf7 Ra5 46. Ke3 Re5+ 47. Kf2 Re2+ 48. Kf1 Rxb2 49.
a4 Ra2 50. Rg7+ Kf4 51. Rf7+ Ke3 52. Re7+ Kd3 53. Rf7 Ke3 54. Re7+ Kf4 55. Rf7+ Kg3 56. Rg7+ Kf4 57. Rf7+ 1/2-1/2

[Event "Early-Titled-Tuesday-Blitz-January-16-2024"]
[Site "Chess.com"]
[Date "2024.01.16"]
[Round "2"]
[White "FM_VS99"]
[Black "bolwin"]
[Result "1-0"]
[WhiteElo "2518"]
[BlackElo "2262"]
[TimeControl "180+1"]
[EndTime "8:19:40 PST"]
[Termination "FM_VS99 won by checkmate"]

1. d4 Nf6 2. Nf3 c5 3. d5 e6 4. c4 exd5 5. cxd5 d6 6. Nc3 g6 7. g3 Bg7 8. Bg2 O-O 9. O-O a6 10. a4 Re8 11. Re1 Nbd7 12. Bf4 Qc7 13. e4 Ng4 14. Qc2 Nge5 15. Nd2 Rb8 16. Bf1 b6 17. h3 c4 18. Be3 Nc5 19. Nxc4 Nf3+ 20. Kg2 Nxe1+ 21.
Rxe1 Bxc3 22. Qxc3 Nxe4 23. Qd4 b5 24. Bh6 f6 25. axb5 axb5 26. Nd2 Bxh3+ 27. Kxh3 Ng5+ 28. Bxg5 Rxe1 29. Be3 Qf7 30. Kg2 Re8 31. Ne4 Rxe4 32. Qxe4 f5 33. Qd4 Qe7 34. Bxb5 Qe4+ 35. Qxe4 fxe4 36.
Bc6 Rb1 37. Bd4 Kf7 38. g4 Ke7 39. Kg3 Rc1 40. Kf4 Rxc6 41. dxc6 d5 42. b4 Kd6 43. b5 Kc7 44. Be5+ Kb6 45. Ke3 h5 46. gxh5 gxh5 47. Kd4 e3 48. fxe3 h4 49. Kxd5 h3 50. Bh2 Ka5 51. c7 Kb6 52. c8=Q Ka7 53. Qc7+ Ka8 54. Qb8# 1-0